 Dungeon Crawl Stone Soup version 0.22-a0-833-g8522bf8 (webtiles) character file.

326 theanonym the Chopper (level 6, -1/48 HPs)
             Began as a Mummy Warper on July 25, 2018.
             Was an Initiate of Okawaru.
             Slain by Grinder (2 damage)
             ... while paralysed by Grinder
             ... on level 3 of the Dungeon.
             The game lasted 00:07:19 (4496 turns).

theanonym the Chopper (Mummy Warper)                Turns: 4496, Time: 00:07:20

Health: -1/48      AC:  7    Str: 16    XL:     6   Next: 24%
Magic:  10/10      EV:  2    Int: 13    God:    Okawaru [......]
Gold:   180        SH:  0    Dex: 11    Spells: 10/10 levels left

rFire    x . .     SeeInvis .   a - +0 hand axe
rCold    + . .     Gourm    .   (no shield)
rNeg     + + +     Faith    .   k - +0 scale mail
rPois    ∞         Spirit   .   (no helmet)
rElec    .         Reflect  .   (no cloak)
rCorr    .         Harm     .   c - +0 pair of gloves
MR       .....                  (no boots)
Stlth    ..........             (no amulet)
HPRegen  0.16/turn              d - +6 ring of evasion
MPRegen  0.12/turn              q - ring of wizardry

@: paralysed
A: no food or potions, fire vulnerability, cold resistance 1, negative energy
resistance 3, torment resistance, unbreathing
a: Renounce Religion


Innate Abilities, Weirdness & Mutations

You do not eat or drink.
Your flesh is vulnerable to fire.
You are immune to poison.
Your flesh is cold resistant. (rC+)
You are immune to negative energy. (rN+++)
You are immune to unholy pain and torment.
You can survive without breathing.


   Skills:
 + Level 4.0 Fighting
 * Level 4.6 Axes
 - Level 0.7 Throwing
 - Level 0.7 Armour
 - Level 1.5 Dodging
 - Level 2.6 Spellcasting
   Level 2.4 Translocations


You had 10 spell levels left.
You didn't know any spells.
Your spell library contained the following spells:

 Spells                   Type           Power        Failure   Level  Hunger
 Teleport Other           Tloc           #.......     36%         3    N/A
 Blink                    Tloc           N/A          21%         2    N/A
 Passage of Golubria      Tloc           N/A          75%         4    N/A
 Shroud of Golubria       Chrm/Tloc      #.........   32%         2    N/A
 Gell's Gravitas          Tloc           #.........   36%         3    N/A
 Lesser Beckoning         Tloc           #.........   36%         3    N/A

Skill      XL: |  1  2  3  4  5 |
---------------+----------------+-----
Axes           | 2 3 4 |  4.6
Fighting       | 3 4 |  4.0
Throwing       | |  0.7
Armour         | |  0.7
Dodging        | |  1.5
Spellcasting   | |  2.6
Translocations | |  2.4

Action                   |  1- 3 |  4- 6 || total
-------------------------+-------+-------++-------
Melee: Hand axe          |   148 |   255 ||   403
Throw: Tomahawk          |       |    10 ||    10
  Use: Scroll            |       |     7 ||     7
Armor: Leather armour    |    35 |       ||    35
       Ring mail         |     2 |     5 ||     7
       Scale mail        |       |    61 ||    61
Dodge: Dodged            |   129 |   215 ||   344

Inventory:

Hand Weapons
 a - a +0 hand axe (weapon)
Missiles
 e - 2 tomahawks of dispersal
 l - 2 tomahawks (quivered)
Armour
 c - a +0 pair of gloves (worn)
   (You found it on level 1 of the Dungeon)
 k - a +0 scale mail (worn)
   (You took it off Terence on level 2 of the Dungeon)
Jewellery
 d - a +6 ring of evasion (left hand)
   (You found it on level 1 of the Dungeon)
 q - a ring of wizardry (right hand)
   (You found it on level 3 of the Dungeon)
Scrolls
 f - a scroll of fog {unknown}
 i - a scroll of fear
 m - a scroll of immolation {unknown}
 o - a scroll of amnesia {unknown}
 p - a scroll of enchant armour {unknown}
 y - a scroll of magic mapping


You were on level 3 of the Dungeon.
You worshipped Okawaru.
Okawaru was noncommittal.
You were not hungry.

You visited 1 branch of the dungeon, and saw 4 of its levels.

You collected 180 gold pieces.

Dungeon Overview and Level Annotations

Branches:
Dungeon (4/15)
 Temple: D:4-7

Altars:
Okawaru
Zin
The Shining One

Annotations:
D:3 exclusion: ogre, Grinder

....#
#...#######.##.##.##
#.# ....# #...#
#.##.##..# #K# ....#
#...# #.##....O# #o#
##### #(..#
###.######)# #{#
#...# #...# #.# .#
#(..#####.#.#
#.#####.#
########.........>[#
#..([....
.......(...#####.###
#.#####.#
#.#####(...# #@#
####.#### .# #.##
#.#### #5# #>.)....#
.# ...# #.#
#.#####.#####.# .#
#.## #.# #...<##.# #
.# #.# #.#
####......# .# #.#
#.# #...!####.# ##
#.# #.# #.##......#
#.# #.# # ..8.8....
#.# #.# .8.....8.#


You could see Grinder.

Notes
Turn   | Place    | Note
-------+----------+-------------------------------------------
     0 | D:1      | theanonym the Mummy Warper began the quest for the Orb.
     0 | D:1      | Reached XP level 1. HP: 16/16 MP: 4/4
   235 | D:1      | Reached skill level 2 in Axes
   240 | D:1      | Reached XP level 2. HP: 22/22 MP: 5/5
   300 | D:1      | HP: 9/22 [ooze (3)]
   493 | D:1      | Found a glowing golden altar of the Shining One.
   690 | D:1      | Reached XP level 3. HP: 27/28 MP: 7/7
  1336 | D:2      | Reached skill level 3 in Axes
  1400 | D:2      | Reached XP level 4. HP: 34/34 MP: 8/8
  1524 | D:2      | Reached skill level 3 in Fighting
  1763 | D:3      | Noticed Terence
  1786 | D:2      | Killed Terence
  1899 | D:3      | HP: 13/35 [orc wizard/puff of frost (5)]
  1904 | D:3      | Reached XP level 5. HP: 16/41 MP: 9/9
  2134 | D:3      | Found an iron altar of Okawaru.
  2151 | D:3      | Became a worshipper of Warmaster Okawaru
  2424 | D:3      | Noticed an ogre
  2425 | D:3      | Noticed Grinder
  2538 | D:3      | Reached skill level 4 in Axes
  2609 | D:3      | HP: 10/41 [ogre/giant club (14)]
  2989 | D:3      | HP: 17/41 [Grinder (5)]
  2993 | D:3      | HP: 4/41 [Grinder (6)]
  3298 | D:3      | Found a glowing silver altar of Zin.
  3474 | D:3      | HP: 20/41 [something (2)]
  3782 | D:4      | HP: 18/42 [orc/wand of acid (11) (22)]
  4044 | D:4      | Reached skill level 4 in Fighting
  4044 | D:4      | Reached XP level 6. HP: 32/48 MP: 10/10
  4473 | D:3      | Paralysed by Grinder for 5 turns
  4480 | D:3      | Paralysed by Grinder for 5 turns
  4487 | D:3      | HP: 22/48 [Grinder (3)]
  4490 | D:3      | Paralysed by Grinder for 7 turns
  4492 | D:3      | HP: 11/48 [Grinder (2)]
  4494 | D:3      | HP: 1/48 [Grinder (7)]
  4496 | D:3      | Slain by Grinder

Vanquished Creatures
  A scorpion (D:4)
  2 orc wizards (D:3)
  Terence (D:2)
  2 worker ants (D:4)
  3 adders
  2 oozes
  4 worms
  4 dart slugs
  A leopard gecko (D:3)
  11 orcs
  2 ball pythons (D:1)
  10 bats
  6 giant cockroaches
  4 goblins
  8 hobgoblins
  2 jackals (D:2)
  3 frilled lizards
  9 kobolds
  6 rats
81 creatures vanquished.

Vanquished Creatures (others)
  An orc (D:4)
1 creature vanquished.

Grand Total: 82 creatures vanquished

Table legend:
 A = Turns spent in this place as a percentage of turns spent in the entire game.
 B = Non-inter-level travel turns spent in this place as a percentage of non-inter-level travel turns spent in the entire game.
 C = Inter-level travel turns spent in this place as a percentage of turns spent in this place.
 D = Turns resting spent in this place as a percentage of non-inter-level travel turns spent in this place.
 E = Turns spent auto-exploring this place as a percentage of non-inter-level travel turns spent in this place.
 F = Non-inter-level travel turns spent in this place divided by the number of levels of this place that you've seen.
                   A       B       C       D       E      F
               +-------+-------+-------+-------+-------+----------------------
         Total | 100.0 | 100.0 |   4.4 |  44.2 |  32.3 | 1074.2
       Dungeon | 100.0 | 100.0 |   4.4 |  44.2 |  32.3 | 1074.2
               +-------+-------+-------+-------+-------+----------------------
